 Dungeon Crawl Stone Soup version 0.19-a0-277-g85cb9a5 (webtiles) character file.

87 epen the Gusty (level 4, -1/25 HPs)
             Began as a Deep Elf Air Elementalist on May 26, 2016.
             Slain by Natasha (7 damage)
             ... on level 2 of the Dungeon.
             The game lasted 00:03:26 (1291 turns).

epen the Gusty (Deep Elf Air Elementalist)          Turns: 1291, Time: 00:03:27

Health: -1/25      AC:  5    Str:  5    XL:     4   Next: 28%
Magic:  0/11       EV: 13    Int: 21    God:
Gold:   111        SH:  0    Dex: 15    Spells: 3 memorised, 4 levels left

rFire  . . .     SeeInvis .     s - +3 dagger
rCold  . . .     Gourm    .     a - +0 robe
rNeg   . . .     Faith    .     (no shield)
rPois  .         Spirit   .     (no helmet)
rElec  .         Dismiss  .     (no cloak)
rCorr  .         Reflect  .     (no gloves)
SustAt .         Harm     .     e - +2 pair of boots
MR     .....                    (no amulet)
Stlth  ++........               (no ring)
                                (no ring)

@: very slightly contaminated, repel missiles, not resistant to hostile
enchantments, unstealthy
A: no striking features
a: no special abilities


You were on level 2 of the Dungeon.
You were not hungry.

You visited 1 branch of the dungeon, and saw 2 of its levels.

You collected 111 gold pieces.

Inventory:

Hand Weapons
 s - a +3 dagger (weapon)
Armour
 a - a +0 robe (worn)
 e - a +2 pair of boots (worn)
Scrolls
 h - 2 scrolls of teleportation {unknown}
 i - a scroll of recharging {unknown}
 l - 2 scrolls of noise {unknown}
 m - a scroll of enchant weapon {unknown}
 n - a scroll of immolation {unknown}
 r - a scroll of identify {unknown}
Potions
 d - a potion of degeneration {unknown}
 j - a potion of flight {unknown}
 k - a potion of haste {unknown}
 o - a potion of curing {unknown}
 p - 2 potions of might {unknown}
Books
 b - a book of Air

   Spells                             Type                      Level
   a - Shock                          Conjuration/Air              1
   b - Swiftness                      Charms/Air                   2
   c - Repel Missiles                 Charms/Air                   2
   d - Static Discharge               Conjuration/Air              3
   e - Lightning Bolt                 Conjuration/Air              5
Comestibles
 c - 2 bread rations
 f - a meat ration
 q - 4 chunks of flesh


   Skills:
 + Level 1.0 Fighting
 + Level 3.2 Dodging
 - Level 2.4 Stealth
 + Level 3.5 Spellcasting
 * Level 2.5 Conjurations
 * Level 3.6 Air Magic


You had 4 spell levels left.
You knew the following spells:

 Your Spells              Type           Power        Failure   Level  Hunger
a - Shock                 Conj/Air       ###.         4%          1    None
b - Repel Missiles        Chrm/Air       ##....       12%         2    ##.....
c - Static Discharge      Conj/Air       ###.....     14%         3    ###....


Dungeon Overview and Level Annotations

Branches:
Dungeon (2/15)

Altars:

Annotations:
D:2 Natasha


Message History

You hit Natasha but do no damage.
Natasha is moderately wounded.
Natasha claws you!
* * * LOW HITPOINT WARNING * * *
You are too injured to fight recklessly!
Casting: Shock
Confirm with . or Enter, or press ? or * to list all spells.
Aiming: Shock
Press: ? - help, Shift-Dir - straight line, f/p - crimson imp
Aim: a crimson imp (lightly wounded, summoned)
Okay, then.
Casting: Shock
Confirm with . or Enter, or press ? or * to list all spells.
Aiming: Shock
Press: ? - help, Shift-Dir - straight line, f - Natasha, p - crimson imp
Aim: Natasha (moderately wounded)
The zap misses Natasha.
The zap hits the adder.
The adder is heavily wounded.
Natasha claws you!
You die...

###### # .....# .#
.....# #### ..# .... ..#
...#
#'#######.########5...##
................@hS...'.
................##....#.
#.....#.#...###.# '###.#
#####.#.#...###.# #.#
#.# #.#.#....##)# #.#
#.# #.#.#..#.##)# #.#
#.# #####.#.#..#..#.#
#.# #.#
................# #.#
#.# #####.#.##.##..##
#.# #.#


You could see Natasha, a crimson imp and an adder.

Vanquished Creatures
  Natasha (D:2)
  An adder (D:2)
  3 dart slugs
  2 giant geckos (D:1)
  3 giant cockroaches (D:1)
  5 goblins
  9 hobgoblins
  A ball python (D:2)
  4 bats
  3 giant newts (D:1)
  9 kobolds
  3 rats
44 creatures vanquished.

Notes
Turn   | Place    | Note
--------------------------------------------------------------
     0 | D:1      | epen the Deep Elf Air Elementalist began the quest for the Orb.
     0 | D:1      | Reached XP level 1. HP: 10/10 MP: 6/6
   265 | D:1      | Reached XP level 2. HP: 15/15 MP: 4/8
   568 | D:1      | Learned a level 2 spell: Repel Missiles
   675 | D:1      | Reached XP level 3. HP: 20/20 MP: 1/9
   681 | D:1      | Learned a level 3 spell: Static Discharge
  1033 | D:2      | Noticed Natasha
  1040 | D:2      | Killed Natasha
  1040 | D:2      | Reached skill level 1 in Fighting
  1053 | D:2      | Reached XP level 4. HP: 25/25 MP: 2/11
  1278 | D:2      | Noticed Natasha
  1291 | D:2      | Slain by Natasha

Vault maps used:
D:1:      dpeg_arrival_ternary, serial_bayou_ford_a, st_stairs_4
D:2:      uniq_natasha

Skill      XL: |  1  2  3 |
---------------+----------+-----
Dodging        | 3 |  3.2
Fighting       | 1 |  1.0
Conjurations   | 2 |  2.5
Stealth        | |  2.4
Spellcasting   | |  3.5
Air Magic      | |  3.6

Action                   |  1- 3 |  4- 6 || total
-------------------------+-------+-------++-------
Melee: Dagger            |    36 |     6 ||    42
 Cast: Shock             |    65 |    21 ||    86
       Repel Missiles    |     1 |       ||     1
       Static Discharge  |     1 |       ||     1
  Eat: Chunk             |       |     1 ||     1
Armor: Robe              |    21 |     1 ||    22
Dodge: Dodged            |    42 |     8 ||    50
